AoeStats
← limetree1978

Nomad

508981749Analyzed
3v3 RM · 7d ago on Sep 24, 2026· 76m 1s· 6 players
Game mode
Random Map
Map size
210×210
Population
200
Speed
Normal
Resources
Standard
Victory
Conquest
Starting age
Dark Age
Ending age
Imperial Age
RankedLock teamsTeams togetherTeam positionsShared explorationLock speedFull tech treeHidden civsTurbo modeCheats
Victory
Defeat
🇺🇸 Koreans · United States
751
+10
🇹🇷 Huns · Türkiye
540
+19
🇮🇩 Japanese · Indonesia
534
+19
🇨🇱 Vietnamese · Chile
632
-17
🇧🇷 Burgundians · Brazil
614
-16
🇺🇸 Spanish · United States
578
-15
limetree1978
16:37 Feudal Age
17:33 Fishing Lines
18:41 Horse Collar
27:20 Castle Age
28:17 Padded Archer Armor
37:38 Double-Bit Axe
44:20 Stone Mining
44:27 Gillnets
47:01 Heavy Plow
53:01 Imperial Age
51:10 Bow Saw
51:20 Gold Mining
51:25 Light Cavalry
52:03 Pikeman
52:54 Fletching
54:46 Wheelbarrow
55:25 Squires
56:01 Husbandry
56:03 Town Watch
56:23 Loom
57:54 Hand Cart
57:43 Scale Mail Armor
58:03 Medium Warships
58:24 Arson
61:12 Chemistry
62:01 Scale Barding Armor
63:46 Bodkin Arrow
64:59 Hoardings
64:31 Arrowslits
64:28 Man-at-Arms
64:53 Gambesons
66:07 Chain Mail Armor
65:46 Cavalier
67:09 Elite Cannon Galleon
68:31 Inquisition
68:55 Chain Barding Armor
70:40 Ballistics
Mimi
11:49 Loom
17:25 Wheelbarrow
21:29 Feudal Age
21:54 Horse Collar
22:02 Double-Bit Axe
22:11 Gold Mining
23:14 Heavy Plow
23:29 Bow Saw
25:05 Man-at-Arms
25:32 Arson
27:28 Forging
27:50 Town Watch
28:13 Stone Mining
29:49 Scale Mail Armor
31:15 Hand Cart
32:25 Arson
37:35 Fletching
41:38 Castle Age
joaquin.alex98
12:30 Loom
18:07 Feudal Age
23:22 Man-at-Arms
37:32 Castle Age
38:31 Crossbowman
41:48 Scale Mail Armor
50:28 Elite Skirmisher
52:26 Double-Bit Axe
52:24 Horse Collar
54:58 Masonry
55:15 Ballistics
55:08 Forging
54:52 Fletching
gubii
5:03 Loom
15:21 Feudal Age
17:47 Wheelbarrow
17:29 Man-at-Arms
19:21 Arson
27:17 Scale Mail Armor
28:32 Horse Collar
32:27 Padded Archer Armor
37:28 Forging
40:46 Fletching
44:19 Gold Mining
47:18 Castle Age
46:52 Scale Barding Armor
47:21 Stone Mining
47:29 Long Swordsman
48:49 Iron Casting
48:30 Chain Mail Armor
48:25 Double-Bit Axe
50:25 Husbandry
49:57 Pikeman
51:24 Squires
51:51 Bloodlines
54:51 Chain Barding Armor
55:15 Heavy Plow
55:36 Elite Skirmisher
55:38 Crossbowman
56:37 Leather Archer Armor
57:10 Marauders
62:46 Hand Cart
62:45 Caravan
69:42 Imperial Age
69:09 Bow Saw
69:49 Elite Tarkan
70:51 Atheism
71:14 Plate Barding Armor
72:08 Two-Man Saw
71:40 Coinage
71:39 Conscription
73:38 Chemistry
74:56 Two-Handed Swordsman
76:31 Banking
Forsaken__King
15:13 Loom
17:29 Feudal Age
20:16 Man-at-Arms
20:57 Double-Bit Axe
21:15 Fishing Lines
23:43 Arson
26:38 Scale Mail Armor
26:49 Forging
28:43 Wheelbarrow
29:49 Fletching
32:57 Castle Age
30:45 Town Watch
30:52 Horse Collar
31:06 Stone Mining
31:08 Gold Mining
33:37 Gillnets
33:11 Long Swordsman
34:03 Bow Saw
36:13 Squires
38:30 Heavy Plow
39:04 Hand Cart
38:51 Town Patrol
39:38 Iron Casting
39:19 Chain Mail Armor
40:47 Medium Warships
46:18 Imperial Age
44:11 Ballistics
44:02 Fortified Wall
43:47 Murder Holes
44:32 Eupseong
45:55 Stone Shaft Mining
45:59 Gold Shaft Mining
45:42 Masonry
46:30 Murder Holes
45:59 Pikeman
46:53 Thumb Ring
48:11 Heavy Warships
48:05 Bodkin Arrow
49:15 Two-Man Saw
48:28 Crossbowman
50:21 Two-Handed Swordsman
52:06 Chemistry
51:37 Architecture
51:20 Clinker Construction
51:14 Bracer
51:18 Elite Turtle Ship
51:51 Elite War Wagon
56:33 Carvel Hull
56:25 Careening
56:35 Chain Mail Armor
56:06 Arbalester
56:16 Champion
59:21 Conscription
63:34 Elite Cannon Galleon
Sigit4n
13:28 Feudal Age
11:44 Loom
14:52 Wheelbarrow
14:05 Double-Bit Axe
20:42 Town Watch
21:05 Stone Mining
22:30 Fishing Lines
27:37 Castle Age
26:28 Forging
29:47 Horse Collar
31:51 Bow Saw
32:17 Gold Mining
34:20 Hand Cart
34:06 Town Patrol
42:41 Gold Shaft Mining
49:02 Pikeman
49:43 Squires
49:28 Arson
50:58 Gillnets
52:08 Guard Tower
55:06 Scale Mail Armor
55:43 Iron Casting
61:37 Husbandry
60:59 Light Cavalry
63:13 Treadmill Crane
63:30 Murder Holes
67:04 Chain Mail Armor
66:55 Scale Barding Armor
71:06 Fervor
75:00 Imperial Age
Connection lost

Rejoining the realm…

Still unreachable

The connection could not be restored.

Session expired

The server has moved on; the page needs a fresh start.